 Dungeon Crawl Stone Soup version 0.22-a0-538-g76cc104 (webtiles) character file.

11 kae the Insei (level 2, 0/21 HPs)
             Began as a Demonspawn Transmuter on June 23, 2018.
             Succumbed to an adder's poison
             ... on level 2 of the Dungeon.
             The game lasted 00:00:43 (666 turns).

kae the Insei (Demonspawn Transmuter)                Turns: 666, Time: 00:00:44

Health: 0/21       AC:  2    Str: 10    XL:     2   Next: 13%
Magic:  5/5        EV: 17    Int: 14    God:
Gold:   9          SH:  0    Dex: 18    Spells: 4/5 levels left

rFire    . . .     SeeInvis .   c - +1 mace (protect)
rCold    . . .     Gourm    .   (no shield)
rNeg     . . .     Faith    .   b - +0 robe
rPois    .         Spirit   .   (helmet restricted)
rElec    .         Reflect  .   (no cloak)
rCorr    .         Harm     .   (no gloves)
MR       .....                  (no boots)
Stlth    +++.......             (no amulet)
HPRegen  0.07/turn              (no ring)
MPRegen  0.09/turn              (no ring)

@: agile, lethally poisoned (0 -> -3)
A: antennae 1
a: no special abilities


You were on level 2 of the Dungeon.
You were not hungry.

You visited 1 branch of the dungeon, and saw 2 of its levels.

You collected 9 gold pieces.

Inventory:

Hand Weapons
 c - a +1 mace of protection (weapon)
Missiles
 a - 12 arrows
Armour
 b - a +0 robe (worn)
Scrolls
 e - a scroll of identify
 f - a scroll of teleportation {unknown}
 g - a scroll of immolation {unknown}
 i - a scroll of remove curse {unknown}
Comestibles
 d - 2 rations


   Skills:
 - Level 1.0 Fighting
 - Level 1.7 Dodging
 * Level 3.0 Unarmed Combat
 + Level 2.1 Spellcasting
 * Level 2.1 Transmutations


You had 4 spell levels left.
You knew the following spells:

 Your Spells              Type           Power        Failure   Level  Hunger
a - Beastly Appendage     Tmut           #.....       10%         1    #......

Your spell library contained the following spells:

 Spells                   Type           Power        Failure   Level  Hunger
 Spider Form              Tmut/Pois      #.........   41%         3    ###....
 Blade Hands              Tmut           #.........   95%         5    ######.
 Ice Form                 Ice/Tmut       #.......     83%         4    #####..
 Sticks to Snakes         Tmut           #.......     14%         2    ###....


Dungeon Overview and Level Annotations

Branches:
Dungeon (2/15)

Altars:


Innate Abilities, Weirdness & Mutations

You have a pair of small antennae on your head.


Message History

* * * LOW HITPOINT WARNING * * *
You feel sick.
You feel agile all of a sudden.
* * * LOW HITPOINT WARNING * * *
You feel sick. The kobold closely misses you.
* * * LOW HITPOINT WARNING * * *
You feel sick.
* * * LOW HITPOINT WARNING * * *
You feel sick.
* * * LOW HITPOINT WARNING * * *
You feel sick.
* * * LOW HITPOINT WARNING * * *
You feel sick.
Found 10 gold pieces.
* * * LOW HITPOINT WARNING * * *
You feel sick.
Found a stone staircase leading down.
Unknown command.
Unknown command.
You die...

≈P♣≈≈≈≈♣P≈≈≈
♣≈≈P♣≈≈≈≈≈≈♣
≈≈P≈≈≈P≈PP♣##.
≈≈≈≈♣≈≈♣P.... ##
♣♣≈P≈≈≈♣P♣....
###..#PP≈P≈≈♣≈.....
......[≈≈♣≈♣.......
######<≈≈≈........
#.###@....... #.#
#........ #.#
#K....>.. #.#
#.###.### #S# #S# #
#.# #.#
#.###.###.#.
#(S..........
#########...$


You could see an adder and a kobold.

Vanquished Creatures
  A bat (D:1)
  A giant cockroach (D:1)
  2 goblins (D:1)
  A hobgoblin (D:1)
  A kobold (D:1)
  2 frilled lizards (D:1)
  3 rats (D:1)
11 creatures vanquished.

Notes
Turn   | Place    | Note
-------+----------+-------------------------------------------
     0 | D:1      | kae the Demonspawn Transmuter began the quest for the Orb.
     0 | D:1      | Reached XP level 1. HP: 15/15 MP: 3/3
   249 | D:1      | Lost mutation: You have a pair of horns on your head. [demonic ancestry]
   249 | D:1      | Lost mutation: You have a pair of small horns on your head. [demonic ancestry]
   249 | D:1      | Gained mutation: You have a pair of small antennae on your head. [demonic ancestry]
   249 | D:1      | Reached XP level 2. HP: 21/21 MP: 3/5
   623 | D:1      | Reached skill level 3 in Unarmed Combat
   662 | D:2      | HP: 1/21 [poisoned by an adder]
   666 | D:2      | Succumbed to an adder's poison

Vault maps used:
D:1:      minmay_arrival_solitary_statue
D:2:      lemuel_crystal_altar, serial_bayou, serial_bayou_lagoon_a,
          serial_bayou_shore_b, serial_bayou_lake_a, serial_bayou_pond_d

Skill      XL: |  1  2 |
---------------+-------+-----
Transmutations | 2 |  2.1
Unarmed Combat | 3 |  3.0
Fighting       | |  1.0
Dodging        | |  1.7
Spellcasting   | |  2.1

Action                   || total
-------------------------++-------
Melee: Mace              ||    29
       Unarmed           ||     1
       Headbutt          ||     1
 Cast: Beastly Appendage ||     7
  Use: Scroll            ||     1
       Potion            ||     1
 Stab: Sleeping          ||     1
Armor: Robe              ||     7
Dodge: Dodged            ||    26

Table legend:
 A = Spawn XP
 B = Non-spawn XP
 C = Spawn XP percentage of total XP
 D = Spawn monster count
 E = Non-spawn monster count
 F = Spawn count percentage of total count
 G = Total turns spent on level
                    A         B        C        D         E        F      G
               +---------+---------+-------+---------+---------+-------+---------
         Total |       0 |      16 |   0.0 |       0 |      11 |   0.0 |   666
               +---------+---------+-------+---------+---------+-------+---------
           D:1 |       0 |      16 |   0.0 |       0 |      11 |   0.0 |   642
               +---------+---------+-------+---------+---------+-------+---------
